Map: Prion Terraces

Players

MystiC - Winner!

  • Race: Terran Terran
  • League: Master

Miszu

  • Race: Terran Terran
  • League: Master

VOD

Have the link to the VOD?

Description

Time

  • Played on: March 30, 2016, 4:14 p.m.
  • Length: 5:19
Show
View Real Time Build Order
Export as new Build Order

MystiC Terran - Winner!

Build Orders:  

Get SALT Encoding   

  12  0:01  SCV  
  13  0:14  SCV  
  14  0:18  Supply Depot  
  14  0:26  SCV  
  15  0:39  SCV  
  15  0:41  Barracks  
  16  0:46  Refinery  
  16  0:51  SCV  
  17  0:59  Barracks  
  17  1:03  SCV  
  18  1:16  SCV  
  19  1:28  Orbital Command  
  19  1:30  Reaper  
  20  1:34  Supply Depot  
  20  1:49  Reaper  
  20  1:54  SCV  
  22  2:06  SCV  
  23  2:09  Reaper  
  24  2:15  Command Center  
  24  2:19  SCV  
  24  2:22  Barracks Tech Lab  
  25  2:28  Supply Depot  
  25  2:31  SCV  
  26  2:41  Barracks Reactor  
  26  2:43  SCV  
  27  2:47  Refinery, Marauder  
  29  2:55  SCV  
  30  3:07  SCV  
  30  3:11  Marauder  
  33  3:19  SCV  
  34  3:21  Marine x2  
  34  3:26  Factory  
  36  3:31  SCV  
  36  3:32  Orbital Command  
  37  3:34  Marine  
  37  3:39  Marine x2  
  40  3:45  Bunker  
  40  3:49  SCV  
  40  3:52  Marine  
  42  3:57  Marine  
  42  4:01  SCV  
  42  4:02  Marine  
  44  4:06  SCV  
  46  4:10  Marine  
  46  4:12  Factory Tech Lab  
  46  4:14  Armory  
  46  4:19  SCV x2  
  46  4:21  Supply Depot, Marine x2  
  48  4:31  SCV x2  
  48  4:32  Marine  
  48  4:33  Starport  
  48  4:38  Siege Tank  
  52  4:39  Marine x2  
  52  4:42  Refinery  
  52  4:43  SCV  
  55  4:48  SCV  
  55  4:50  Supply Depot, Refinery, Marine  
  51  5:05  SCV x2  
  54  5:12  Supply Depot  
Show
View Real Time Build Order
Export as new Build Order

Miszu Terran 

Build Orders: 1/1/1 

Get SALT Encoding   

  12  0:00  SCV  
  13  0:13  SCV  
  14  0:18  Supply Depot  
  14  0:25  SCV  
  15  0:39  SCV  
  15  0:40  Barracks  
  16  0:44  Refinery  
  16  0:52  Refinery  
  16  0:53  SCV  
  17  1:05  SCV  
  18  1:17  SCV  
  19  1:32  Orbital Command  
  19  1:35  Factory  
  19  1:39  Supply Depot  
  19  1:42  Reaper  
  20  1:57  SCV  
  21  2:09  SCV  
  21  2:15  Reaper  
  23  2:19  Starport, Factory Tech Lab  
  23  2:22  SCV  
  24  2:23  Supply Depot  
  24  2:34  SCV  
  25  2:40  Siege Tank  
  28  2:46  Marine, SCV  
  30  2:58  SCV  
  31  3:01  Medivac  
  31  3:04  Marine  
  34  3:08  Supply Depot  
  34  3:10  SCV  
  35  3:22  Marine, SCV  
  37  3:33  Command Center  
  37  3:34  SCV  
  37  3:39  Siege Tank  
  37  3:41  Barracks Reactor  
  41  3:46  SCV  
  42  3:51  Starport Reactor  
  42  3:54  Barracks  
  42  3:58  SCV  
  43  4:10  SCV  
  44  4:17  Barracks  
  44  4:18  Marine x2  
  44  4:23  SCV  
  46  4:37  SCV  
  46  4:41  Marine  
  46  4:44  Marine, Siege Tank  
  52  4:46  Barracks Tech Lab, Orbital Command  
  52  4:49  SCV  
  52  4:58  Marine  
Tags
 
Matchup
TvT
Opening
1/1/1
Race
Terran
Add a new tag
Caveats
  • Supply blocks, unpowered buildings, or Contaminate may cause inaccurate times.
  • Supply counts are checked every 10 seconds.